 Dungeon Crawl Stone Soup version 0.23.2-33-g5129a83184 (webtiles) character file.

Game seed: 12376488136924042103

53 Ebobla the Chopper (level 3, -6/33 HPs)
             Began as a Minotaur Berserker on July 19, 2019.
             Was a Follower of Trog.
             Mangled by a gnoll
             ... wielding a +0 spear
              (7 damage)
             ... on level 2 of the Dungeon.
             The game lasted 00:39:05 (3371 turns).

Ebobla the Chopper (Minotaur Berserker)             Turns: 3371, Time: 00:39:05

Health: -6/33      AC:  8    Str: 22    XL:     3   Next: 62%
Magic:  2/2        EV: 11    Int:  4    God:    Trog [*.....]
Gold:   118        SH:  0    Dex:  9    Spells: 2/2 levels left

rFire    . . .     SeeInvis .   a - +0 hand axe
rCold    . . .     Gourm    .   (no shield)
rNeg     . . .     Faith    .   e - +1 ring mail {rPois}
rPois    +         Spirit   .   (helmet restricted)
rElec    .         Reflect  .   (no cloak)
rCorr    .         Harm     .   g - +1 pair of gloves
MR       .....                  (no boots)
Stlth    ..........             (no amulet)
HPRegen  0.11/turn              (no ring)
MPRegen  0.08/turn              (no ring)

@: berserk cooldown, starving, slowed, very slow
A: retaliatory headbutt, horns 2
a: Berserk, Renounce Religion


You were on level 2 of the Dungeon.
You worshipped Trog.
Trog was aware of your devotion.
You were starving.

You visited 1 branch of the dungeon, and saw 2 of its levels.

You collected 118 gold pieces.

Inventory:

Hand Weapons
 a - a +0 hand axe (weapon)
Armour
 b - a +0 animal skin
 e - a +1 ring mail of poison resistance (worn)
 g - a +1 pair of gloves (worn)
Scrolls
 d - 2 scrolls of identify {unknown}
 f - a scroll of fog {unknown}
 i - 2 scrolls of enchant weapon {unknown}
 j - a scroll of amnesia {unknown}
 l - a scroll of fear {unknown}
 m - a scroll of remove curse {unknown}
 p - a scroll of blinking {unknown}
Potions
 h - a potion of resistance {unknown}
 k - 2 potions of curing {unknown}
 n - a potion of flight {unknown}
 o - a potion of berserk rage {unknown}
Comestibles
 c - 4 rations


   Skills:
 + Level 4.1 Fighting
 + Level 4.3 Axes
 * Level 3.5 Armour
 + Level 2.5 Dodging
 + Level 0.2 Stealth


You had 2 spell levels left.
You didn't know any spells.
Your spell library was empty.

Dungeon Overview and Level Annotations

Branches:
Dungeon (2/15)

Altars:


Innate Abilities, Weirdness & Mutations

You reflexively headbutt those who attack you in melee.
You have a pair of horns on your head.


Message History

Trog accepts your kill.
You hit the gnoll. The gnoll hits you but does no damage.
You hit the gnoll.
The gnoll is heavily wounded.
You hit the gnoll. Your headbutt misses the gnoll.
The gnoll is almost dead.
The gnoll hits you with a +0 club.
* * * LOW HITPOINT WARNING * * *
The gnoll hits you from afar with a +0 spear.
* * * LOW HITPOINT WARNING * * *
You see here a hobgoblin corpse.
You feel a strong urge to attack something.
You feel your anger nearly subside.
You are no longer berserk.
You are exhausted.
You feel yourself slow down.
You slash the gnoll!
You kill the gnoll!
Trog accepts your kill.
The gnoll hits you from afar with a +0 spear!
You die...

##.####.....# #...<.. #...
#<........... ... #...
##.####.#.### ##.. #... #.#
#.#.# .# #.#. ###.# #.#.# .#
#.#. ....# #.#.## .# #.#. .####
#.#..####### .#
.#######.#.%......######.#####.
.(..............@.gg..†.)......
########.#.######.##.###.#####.
#.#.# #.##.# .# #.#.# ...... ..
#.#.# .#.#.#.. ..# #....
).......#..#. ###.# .#
#.#..#..#..# .)... ....#.. ..#.


You could see a gnoll and a hobgoblin.

Vanquished Creatures
  2 gnolls (D:2)
  A worm (D:2)
  A leopard gecko (D:1)
  A ball python (D:1)
  3 bats (D:1)
  A giant cockroach (D:1)
  7 goblins
  4 hobgoblins
  4 kobolds
  3 rats
27 creatures vanquished.

Notes
Turn   | Place    | Note
-------+----------+-------------------------------------------
     0 | D:1      | Ebobla the Minotaur Berserker began the quest for the Orb.
     0 | D:1      | Reached XP level 1. HP: 19/19 MP: 0/0
   366 | D:1      | Reached XP level 2. HP: 27/27 MP: 1/1
  3182 | D:2      | Reached XP level 3. HP: 29/33 MP: 2/2
  3363 | D:2      | HP: 1/49 [gnoll/+0 spear (5)]
  3371 | D:2      | Mangled by a gnoll

Skill      XL: |  1  2 |
---------------+-------+-----
Axes           | 4 |  4.3
Fighting       | 4 |  4.1
Armour         | 3 |  3.5
Dodging        | |  2.5
Stealth        | |  0.2

Action                   || total
-------------------------++-------
Melee: Hand axe          ||    59
       Headbutt          ||     9
Invok: Berserk           ||     2
  Eat: Ration            ||     2
Armor: Ring mail         ||    32
       Animal skin       ||     2
Dodge: Dodged            ||    30
